Map: Frostline LE

Players

wootwoot - Winner!

  • Race: Protoss Protoss
  • League: Diamond
  • Spawn Location: 1:00

TRUTH

  • Race: Zerg Zerg
  • League: Diamond
  • Spawn Location: 7:00

VOD

Have the link to the VOD?

Description

Time

  • Played on: April 23, 2025, 6:19 a.m.
  • Length: 6:18
Show
View Real Time Build Order
Export as new Build Order

wootwoot Protoss - Winner!

Build Orders: 1 Gate Expand 

Get SALT Encoding   

  12  0:01  Probe  
  13  0:13  Probe  
  14  0:21  Pylon  
  14  0:25  Probe  
  15  0:37  Probe  
  15  0:41  Gateway  
  16  0:45  Probe  
  17  0:53  Assimilator, Probe  
  18  1:05  Probe  
  19  1:17  Probe  
  20  1:32  Nexus  
  20  1:42  Cybernetics Core  
  20  1:48  Assimilator, Probe  
  21  1:56  Probe  
  21  1:57  Pylon  
  22  2:05  Probe  
  22  2:09  Adept  
  23  2:16  Probe  
  26  2:25  Stargate  
  26  2:28  Probe  
  27  2:33  Shield Battery  
  27  2:40  Warp Gate, Probe x2  
  29  2:49  Probe  
  29  2:52  Probe  
  31  2:58  Probe  
  31  3:04  Probe  
  31  3:05  Void Ray  
  33  3:10  Probe  
  38  3:16  Probe  
  39  3:21  Twilight Council  
  39  3:23  Probe  
  40  3:28  Probe  
  40  3:31  Pylon  
  40  3:32  Charge  
  41  3:35  Probe  
  41  3:40  Probe  
  43  3:47  Probe  
  48  3:55  Void Ray  
  48  3:59  Probe  
  49  4:09  Gateway  
  49  4:10  Gateway  
  49  4:12  Gateway x2  
  49  4:19  Gateway  
  49  4:26  Pylon  
  49  4:32  Pylon  
  53  4:38  Void Ray  
  53  4:42  Gateway  
  53  4:51  Gateway  
  53  5:03  Pylon  
  53  5:12  Zealot x5  
  63  5:16  Pylon  
  63  5:17  Pylon  
  63  5:35  Zealot x3  
  63  5:36  Zealot x3  
  63  5:39  Zealot  
  77  5:45  Zealot  
  81  5:56  Zealot x4  
  87  6:09  Zealot  
  87  6:10  Zealot x3  
  85  6:17  Zealot x3  
Show
View Real Time Build Order
Export as new Build Order

TRUTH Zerg 

Build Orders: Hatch First 

Get SALT Encoding   

  12  0:00  Drone  
  13  0:08  Drone  
  14  0:16  Drone, Extractor  
  15  0:21  Overlord  
  15  0:40  Drone x2  
  17  0:43  Drone  
  18  0:54  Hatchery  
  17  0:57  Drone  
  17  1:04  Extractor  
  17  1:12  Spawning Pool  
  17  1:15  Drone  
  17  1:19  Drone  
  18  1:28  Drone  
  19  1:41  Drone  
  20  1:53  Drone  
  21  2:01  Drone  
  21  2:05  Queen x2  
  21  2:08  Zergling x2  
  27  2:09  Zergling x2  
  27  2:13  Metabolic Boost  
  28  2:31  Hatchery  
  28  2:32  Overlord  
  28  2:35  Overlord  
  27  2:38  Drone  
  28  2:50  Drone x4  
  32  2:55  Drone  
  33  3:01  Drone  
  33  3:04  Drone  
  35  3:17  Drone x4  
  35  3:18  Drone  
  40  3:20  Lair  
  40  3:21  Drone x2  
  40  3:22  Drone  
  43  3:28  Extractor  
  43  3:29  Extractor  
  43  3:32  Overlord x2  
  41  3:40  Spore Crawler  
  40  3:43  Spore Crawler  
  40  3:46  Drone  
  40  3:50  Queen  
  40  3:52  Drone  
  40  3:53  Drone x2  
  45  4:02  Drone x5  
  50  4:03  Drone  
  50  4:07  Drone  
  52  4:11  Spore Crawler  
  52  4:12  Drone x2  
  52  4:14  Drone  
  54  4:21  Hydralisk Den  
  53  4:26  Spore Crawler  
  52  4:31  Drone  
  52  4:32  Drone x5  
  59  4:43  Overlord x4  
  59  4:51  Extractor  
  58  5:00  Hydralisk  
  58  5:01  Spore Crawler, Hydralisk x5  
  69  5:09  Hydralisk x3  
  75  5:14  Muscular Augments  
  75  5:26  Drone x2  
  76  5:33  Hydralisk x4  
  84  5:37  Overlord  
  84  5:38  Overlord x2  
  84  5:39  Zergling x2  
  84  5:40  Zergling x4  
  87  5:49  Zergling x4  
  85  5:50  Zergling x10  
  85  5:54  Hydralisk  
  85  5:56  Zergling x4  
Tags
 
Add a new tag
Caveats
  • Supply blocks, unpowered buildings, or Contaminate may cause inaccurate times.
  • Supply counts are checked every 10 seconds.